[Event "Live Chess"]
[Site "Chess.com"]
[Date "2023.05.21"]
[Round "-"]
[White "LiamBellwood"]
[Black "mattihelenius2"]
[Result "1-0"]
[WhiteElo "2061"]
[BlackElo "489"]
[TimeControl "300"]
[EndTime "16:26:57 PDT"]
[Termination "LiamBellwood won by checkmate"]

1. d4 d5 2. Nc3 Nc6 3. Bf4 Nf6 4. Nb5 g6 5. Nxc7+ Kd7 6. Nxa8 Ne4 7. Nf3 Bg7 8. Ne5+ Bxe5 9. dxe5 Nxe5 10. Qxd5+ Ke8 11. Qxd8+ Kxd8 12. Bxe5 Bf5 13. O-O-O+ Ke8 14. Nc7+ Kf8 15. Rd8# 1-0

[Event "Live Chess"]
[Site "Chess.com"]
[Date "2023.05.21"]
[Round "-"]
[White "CameronM1234"]
[Black "jimwad"]
[Result "0-1"]
[WhiteElo "1090"]
[BlackElo "1215"]
[TimeControl "300"]
[EndTime "16:27:10 PDT"]
[Termination "jimwad won on time"]

1. e4 e5 2. Nf3 Nc6 3. g3 Nf6 4. d3 Bc5 5. Bg2 O-O 6. O-O d6 7. c3 Bg4 8. a4 a5 9. h3 Bh5 10. Qe1 Qd7 11. Kh2 h6 12. b3 Nh7 13. Bb2 Bxf3 14.
Bxf3 Ng5 15. Bg2 f5 16. exf5 Qxf5 17. Nd2 Rae8 18. Ne4 Nxe4 19. Bxe4 Qg5 20. Bc1 Qd8 21. Be3 Bxe3 22. Qxe3 d5 23. Bg2 e4 24. dxe4 dxe4 25.
Rad1 Qe7 26. Rd2 b6 27. Rfd1 Nb8 28. Rd4 c5 29. Rxe4 Qf7 30. Rxe8 Rxe8 31. Qf3 Qxf3 32. Bxf3 Na6 33. Rd7 Rf8 34. Bb7 Nb8 35. Rd6 Rxf2+ 36. Kg1 Rf8 37. Rxb6 Nd7 38. Rc6 Ne5 39. Rxc5 Nf3+ 40.
Kg2 Ne1+ 41. Kh2 Nf3+ 42. Kh1 Nd2 43. Rxa5 Nxb3 44. Rb5 Nd2 45. Bd5+ Kh8 46. c4 Rf1+ 47. Kg2 Rf3 0-1

[Event "Live Chess"]
[Site "Chess.com"]
[Date "2023.05.21"]
[Round "-"]
[White "WilliamofOrange16th"]
[Black "ShanthamGrarks"]
[Result "0-1"]
[WhiteElo "1840"]
[BlackElo "1995"]
[TimeControl "300"]
[EndTime "16:27:17 PDT"]
[Termination "ShanthamGrarks won on time"]

1. e4 e5 2. Nf3 d5 3. Nxe5 Bd6 4. d4 dxe4 5. Be2 Nf6 6. O-O O-O 7. Bg5 h6 8. Bh4 Nbd7 9. Nc4 Bf4 10. Nc3 Qe8 11.
Bg3 Bxg3 12. hxg3 c6 13. d5 cxd5 14. Nxd5 Nxd5 15. Qxd5 Nf6 16. Qe5 Be6 17. Nd6 Qd7 18.
Nxe4 Nxe4 19. Qxe4 Rfe8 20. Bd3 g6 21. Qf4 Rad8 22.
Qxh6 Bf5 23. Rad1 Bxd3 24. Rxd3 Qf5 25. Rfd1 Rxd3 26. Rxd3 Rc8 27. Qd2 Kh7 28. c3 Re8 29. Kh2 Qh5+ 30. Kg1 Re2 31. Qc1 Qe5 32. Rd1 Qc5 33. Rf1 Qb5 34. Qf4 Kg8 35. b4 Rxa2 36. Qb8+ Kg7 37. Qc7 Rd2 38. g4 Rd7 39. Qf4 Qd3 40. Rc1 Qd2 41. Qxd2 Rxd2 42. Kf1 Rb2 43. Ke1 a6 44. g3 Kf6 45. f3 Rg2 46. c4 Rxg3 47.
c5 Rg1+ 48. Kd2 Rxc1 49. Kxc1 Ke5 50. Kd2 Kd4 51. g5 Kc4 52. f4 Kxb4 0-1

[Event "Live Chess"]
[Site "Chess.com"]
[Date "2023.05.21"]
[Round "-"]
[White "grillage"]
[Black "raminguy"]
[Result "0-1"]
[WhiteElo "1842"]
[BlackElo "1965"]
[TimeControl "300"]
[EndTime "16:27:36 PDT"]
[Termination "raminguy won on time"]

1. d4 d5 2. Nf3 e6 3. c4 Nf6 4.
cxd5 exd5 5. Nc3 c6 6. Qc2 Nbd7 7. Bg5 Be7 8. e3 O-O 9. Bd3 h6 10. Bf4 Re8 11. O-O Nf8 12. h3 Bd6 13. Bxd6 Qxd6 14. Rab1 a5 15. a3 b5 16. Ne2 Bd7 17. Ne5 Rac8 18. Rbc1 Ne4 19. Bxe4 dxe4 20. Qxe4 f6 21.
f4 fxe5 22. fxe5 Qd5 23. Nc3 Qxe4 24. Nxe4 Rc7 25. Rf2 Ne6 26. Nc5 Nxc5 27. Rxc5 Rec8 28. Rc1 Be6 29. Rcf1 Rf7 30. Rc1 Rxf2 31. Kxf2 Bd5 32. g3 Rf8+ 33. Ke2 Rf3 34. Rg1 Rf7 35. Kd3 Rf2 36.
b4 axb4 37. axb4 Bc4+ 38. Ke4 Rb2 39. Ra1 Rxb4 40. Kf5 Rb3 41. Re1 Kf7 42. e6+ Bxe6+ 43. Ke5 Bxh3 44. Kd6 Bg2 45. e4 Rd3 46. Kc5 h5 47. e5 Bd5 48. Kd6 Rxd4 49. e6+ Bxe6+ 50. Ke5 Bd5 0-1

[Event "Live Chess"]
[Site "Chess.com"]
[Date "2023.05.21"]
[Round "-"]
[White "WelshTiger"]
[Black "CeladonFish"]
[Result "1-0"]
[WhiteElo "2358"]
[BlackElo "1117"]
[TimeControl "300"]
[EndTime "16:27:50 PDT"]
[Termination "WelshTiger won by checkmate"]

1. e4 d6 2. d4 Nf6 3. Nc3 g6 4. f4 Bg7 5. Nf3 O-O 6. Bd3 Bg4 7. h3 Bxf3 8. Qxf3 Nbd7 9. O-O c5 10. d5 a6 11. a4 Qa5 12. Bd2 Qb4 13. b3 b5 14.
Qf2 bxa4 15. Nxa4 Qd4 16. Qxd4 cxd4 17. g4 e5 18. f5 Nc5 19. Nxc5 dxc5 20. g5 Nh5 21. f6 Bh8 22. Rxa6 Rxa6 23. Bxa6 Ra8 24. Bd3 Ra2 25. Kg2 Kf8 26. Kf3 Ke8 27. h4 Kd7 28. Rc1 Nxf6 29. gxf6 Bxf6 30. Bg5 Bxg5 31. hxg5 Ke7 32.
Rh1 f6 33. gxf6+ Kxf6 34. Rxh7 Kg5 35. Rc7 Kh4 36. Rxc5 g5 37. d6 g4+ 38. Kg2 g3 39.
Rxe5 Ra1 40. d7 Rg1+ 41. Kxg1 Kh3 42. d8=Q g2 43. Rh5+ Kg3 44. Qg5+ Kf3 45. Rh3# 1-0

[Event "Live Chess"]
[Site "Chess.com"]
[Date "2023.05.21"]
[Round "-"]
[White "laminaaprod"]
[Black "smoggyrabbit"]
[Result "0-1"]
[WhiteElo "2234"]
[BlackElo "1727"]
[TimeControl "300"]
[EndTime "16:28:06 PDT"]
[Termination "smoggyrabbit won by resignation"]

1. d4 e6 2. c4 f5 3. Nf3 Nf6 4. Nc3 Bb4 5. Qc2 b6 6. e3 Bb7 7. Be2 O-O 8. a3 Bxc3+ 9. Qxc3 d6 10. b4 Nbd7 11. Bb2 Ne4 12. Qc2 Ndf6 13. Rd1 Qe7 14.
O-O Rad8 15. Nd2 Nxd2 16. Qxd2 Ne4 17. Qc2 Qg5 18. f3 Qxe3+ 19. Kh1 Ng3+ 20. hxg3 Rf6 0-1

[Event "Live Chess"]
[Site "Chess.com"]
[Date "2023.05.21"]
[Round "-"]
[White "EdenHazard8"]
[Black "CheckThis4"]
[Result "0-1"]
[WhiteElo "2004"]
[BlackElo "2541"]
[TimeControl "300"]
[EndTime "16:28:12 PDT"]
[Termination "CheckThis4 won by resignation"]

1. d4 Nf6 2. c4 e5 3. dxe5 Ng4 4. Nf3 Bc5 5. e3 Nc6 6. Qd5 Qe7 7. Nc3 Ngxe5 8.
Nxe5 Nxe5 9. Be2 O-O 10. O-O c6 11. Qe4 f5 12. Qc2 d6 13. a3 a5 14. b3 Bd7 15.
Bb2 Rae8 16. Na4 Ba7 17. Rad1 f4 18. c5 fxe3 19. cxd6 exf2+ 20. Kh1 Qh4 21. Nc5 Bxc5 22. Qxc5 Rf5 23. Qd4 Rf4 24. Qc3 Qf6 25. Qxa5 Rh4 26. Bc4+ Kh8 27. Bxe5 Rxe5 28. Qc3 Rxh2+ 29. Kxh2 Rh5+ 30.
Qh3 Bxh3 0-1

[Event "Live Chess"]
[Site "Chess.com"]
[Date "2023.05.21"]
[Round "-"]
[White "Conradical12"]
[Black "KGreenGator"]
[Result "0-1"]
[WhiteElo "1602"]
[BlackElo "1756"]
[TimeControl "300"]
[EndTime "16:28:15 PDT"]
[Termination "KGreenGator won by resignation"]

1. e4 c5 2. Nc3 Nc6 3. Nf3 e6 4. d4 cxd4 5. Nxd4 Nf6 6. Nxc6 bxc6 7. e5 Nd5 8. Nxd5 cxd5 9. Bd3 Qc7 10. Bf4 d6 11. exd6 Bxd6 12. Bxd6 Qxd6 13. Qg4 O-O 14.
h4 Qe5+ 15. Be2 Qxb2 16. Rd1 Qxc2 17. Kf1 Qxa2 18. h5 Qb2 19. h6 g6 20. Rh3 e5 21.
Qg5 f6 22. Qg3 Bxh3 23. Bh5 Bf5 24. Qf3 Qb5+ 25. Kg1 d4 26. g4 Be6 27. Bxg6 hxg6 28. Qe4 Kh7 29. Kg2 Bd5 0-1

[Event "Live Chess"]
[Site "Chess.com"]
[Date "2023.05.21"]
[Round "-"]
[White "AbilifyXL"]
[Black "Pablo_dmp"]
[Result "0-1"]
[WhiteElo "1969"]
[BlackElo "1898"]
[TimeControl "300"]
[EndTime "16:28:18 PDT"]
[Termination "Pablo_dmp won by resignation"]

1. d4 Nf6 2. c4 e6 3. Nc3 Bb4 4. Qc2 O-O 5. Nf3 d5 6. cxd5 exd5 7. Bg5 Bg4 8. Ne5 Bh5 9. e3 Bg6 10. Nxg6 fxg6 11. Bd3 Qd6 12. O-O Nbd7 13. a3 Bxc3 14. Qxc3 c6 15. b4 Rae8 16. Qc2 Ne4 17. Bf4 Qf6 18. Rab1 g5 19. Bg3 h5 20. b5 h4 21. Be5 Nxe5 22. dxe5 Rxe5 23. bxc6 bxc6 24.
Bxe4 Rxe4 25. Rb7 Rxe3 26. Rxa7 Rc3 27. Qe2 Rf7 28. Qe8+ Rf8 29. Qe2 Rc4 30. h3 Rf4 31.
a4 Qd6 32. Qe3 d4 33. Qe7 Qxe7 34. Rxe7 d3 35. Rd1 Rxf2 36. Rxd3 Rf1+ 37. Kh2 Ra1 38.
Rdd7 Rff1 39. Rxg7+ Kf8 0-1

[Event "Live Chess"]
[Site "Chess.com"]
[Date "2023.05.21"]
[Round "-"]
[White "Jo1ts"]
[Black "DRS44"]
[Result "1-0"]
[WhiteElo "791"]
[BlackElo "1320"]
[TimeControl "300"]
[EndTime "16:28:22 PDT"]
[Termination "Jo1ts won by resignation"]

1. d4 d5 2. Bf4 Nf6 3. Nf3 c5 4. e3 Nc6 5. Bb5 a6 6. Bxc6+ bxc6 7. Nbd2 Bf5 8. c3 e6 9. Ne5 Qb6 10. Rb1 Bd6 11. O-O cxd4 12. cxd4 c5 13. Rc1 cxd4 14.
exd4 O-O 15. b3 Rac8 16. Ndf3 Ne4 17. Nd7 Qc7 18. Nxf8 Kxf8 19. Rxc7 1-0

[Event "Live Chess"]
[Site "Chess.com"]
[Date "2023.05.21"]
[Round "-"]
[White "jennybobby44"]
[Black "DaveL5678"]
[Result "1-0"]
[WhiteElo "1845"]
[BlackElo "1012"]
[TimeControl "300"]
[EndTime "16:28:56 PDT"]
[Termination "jennybobby44 won on time"]

1. e4 e6 2. b3 d5 3. Bb2 f6 4. Qe2 c6 5. exd5 cxd5 6. g3 Bd7 7. Bg2 Qb6 8. Nf3 Bb5 9. d3 Bb4+ 10. c3 Bc5 11. O-O Nd7 12. c4 dxc4 13. dxc4 Bc6 14.
Qxe6+ Ne7 15. Nc3 Rd8 16. Nh4 Bxg2 17. Qxb6 Bxb6 18. Nxg2 O-O 19. Rfe1 Nf5 20. Nd5 Bd4 21. Bxd4 Nxd4 22. Ngf4 Nc2 23. Ne6 Rfe8 24. Nxd8 Rxe1+ 25.
Rxe1 Nxe1 26. Nxb7 Nf3+ 27. Kg2 Nde5 28. Nc5 Nd4 29.
h3 Nf5 30. f4 Nc6 31. g4 Nd6 32. Kf3 Nd4+ 33. Ke3 Nc2+ 34. Kd3 Ne1+ 35. Kc3 Ng2 36. b4 Kf7 37. a4 Ne1 38. a5 Nf3 39. a6 g5 40. f5 Ng1 41. Nb7 Ne4+ 42. Kd4 1-0

[Event "Live Chess"]
[Site "Chess.com"]
[Date "2023.05.21"]
[Round "-"]
[White "Long1968"]
[Black "BJAW87"]
[Result "0-1"]
[WhiteElo "1185"]
[BlackElo "1440"]
[TimeControl "300"]
[EndTime "16:29:26 PDT"]
[Termination "BJAW87 won on time"]

1. e4 c6 2. d4 d5 3. e5 Bf5 4.
h4 h5 5. Bd3 Bxd3 6. Qxd3 e6 7.
Nf3 c5 8. Be3 Qb6 9. Nbd2 Nh6 10. O-O Nf5 11. dxc5 Bxc5 12. Bxc5 Qxc5 13. Nb3 Qc7 14.
Rfe1 Nc6 15. Rad1 O-O 16. Nbd4 Ncxd4 17. Nxd4 Nxd4 18. Qxd4 Qxc2 19. Rc1 Qg6 20. Rc7 b6 21. Rec1 Qe4 22. Qxe4 dxe4 23. Rb7 Rfd8 0-1

[Event "Live Chess"]
[Site "Chess.com"]
[Date "2023.05.21"]
[Round "-"]
[White "LL220284LL"]
[Black "whitedjohn"]
[Result "1-0"]
[WhiteElo "2391"]
[BlackElo "1650"]
[TimeControl "300"]
[EndTime "16:29:43 PDT"]
[Termination "LL220284LL won on time"]

1. e3 d5 2. b3 e5 3. Bb2 Nc6 4. Nf3 Bd6 5. d3 Nf6 6. c4 Qe7 7. Nc3 d4 8. Nd5 Nxd5 9. cxd5 Nb4 10. exd4 exd4+ 11. Be2 Nxd5 12. O-O Nc3 13. Bxc3 dxc3 14. d4 O-O 15. h3 Bf5 16. Bd3 Bxd3 17. Qxd3 Bb4 18.
Rfe1 Qd6 19. Ne5 Rad8 20. Re4 Rfe8 21. a3 Ba5 22. Nc4 Qa6 23. Rxe8+ Rxe8 24. Rc1 g6 25. b4 Bb6 26. Rxc3 Rd8 27. d5 c6 28. d6 Qb5 29. Qf3 Bd4 30. Rc2 Bg7 31. Qe4 Qd5 32.
Re2 Qxe4 33. Rxe4 b5 34. Na5 Rxd6 35. Re8+ Bf8 36. Nb7 Rd7 37. Nc5 Rc7 38. Rd8 Kg7 39.
Ne4 f5 40. Nd2 Kf7 41. Nf3 Ke7 42. Ra8 Bg7 43. Kf1 h6 44. Ke2 Kd6 45. Kd3 Kd5 46. Rg8 Re7 47. Nd2 g5 48. Rd8+ Ke6 49. Nb3 Rd7+ 50.
Rxd7 Kxd7 51. Nc5+ Ke7 52. g4 fxg4 53. hxg4 1-0

[Event "Live Chess"]
[Site "Chess.com"]
[Date "2023.05.21"]
[Round "-"]
[White "alanmike75"]
[Black "NAZRIZ1977"]
[Result "0-1"]
[WhiteElo "1534"]
[BlackElo "2063"]
[TimeControl "300"]
[EndTime "16:29:44 PDT"]
[Termination "NAZRIZ1977 won by resignation"]

1. e4 c5 2. Nf3 d6 3. d4 cxd4 4. Nxd4 Nf6 5. Bd3 g6 6. O-O Bg7 7. c3 O-O 8. Be3 Ng4 9. Bd2 Nc6 10. Nxc6 bxc6 11. Be2 Nf6 12. Be3 c5 13. Nd2 Rb8 14. b3 Nd7 15. Rc1 Qa5 16. Nc4 Qxa2 17. Ra1 Qxb3 18. Qxb3 Rxb3 19. Rxa7 Rxc3 20. f3 Ne5 21.
Nxe5 Rxe3 0-1

[Event "Live Chess"]
[Site "Chess.com"]
[Date "2023.05.21"]
[Round "-"]
[White "ExIsambard"]
[Black "Jo1ts"]
[Result "1-0"]
[WhiteElo "1933"]
[BlackElo "791"]
[TimeControl "300"]
[EndTime "16:29:55 PDT"]
[Termination "ExIsambard won by resignation"]

1. d4 d5 2. Nf3 Nf6 3. Bg5 e6 4. e3 h6 5. Bf4 g5 6. Be5 Bd6 7. Bd3 Nc6 8. c3 Nd7 9. Bxh8 Nf8 10.
Bg7 Nd7 11. Bxh6 1-0

[Event "Live Chess"]
[Site "Chess.com"]
[Date "2023.05.21"]
[Round "-"]
[White "ClassyChameleon"]
[Black "toog"]
[Result "0-1"]
[WhiteElo "1057"]
[BlackElo "2582"]
[TimeControl "300"]
[EndTime "16:30:00 PDT"]
[Termination "toog won by resignation"]

1. e4 c5 2. Nc3 d6 3. Bc4 Nc6 4. d3 g6 5. Bf4 Bg7 6. Nge2 Nf6 7. O-O O-O 8. d4 cxd4 9. Nxd4 Bd7 10. e5 dxe5 11. Bxe5 Nxe5 12. Bb3 Rc8 13. a4 Nc4 14.
Bxc4 Rxc4 15. Ndb5 a6 16. Na3 Rc8 17. Nd5 Nxd5 18. Qxd5 Bc6 19. Qxd8 Rfxd8 20. Nc4 Bd5 21.
Nb6 Rc6 22. Nxd5 Rxd5 23. h3 Rxc2 24. b4 Bxa1 25. Rxa1 Rdd2 26. Rf1 e5 27. Kh2 e4 28.
Kg3 e3 29. fxe3 Rxg2+ 30. Kf3 Kg7 31. e4 Rh2 32. Kg3 Ra2 33. a5 Rhb2 34. e5 Ra3+ 35.
Kg4 Rxb4+ 36. Rf4 h5+ 37. Kg5 Rg3+ 38. Kh4 Ra4 39. Rxa4 Re3 40. Rb4 Kh6 41. Rg4 hxg4 42. hxg4 Rxe5 43. g5+ Rxg5 0-1

[Event "Live Chess"]
[Site "Chess.com"]
[Date "2023.05.21"]
[Round "-"]
[White "GMHarry-youtube"]
[Black "ms_lilley"]
[Result "1-0"]
[WhiteElo "2012"]
[BlackElo "587"]
[TimeControl "300"]
[EndTime "16:30:03 PDT"]
[Termination "GMHarry-youtube won by checkmate"]

1. e4 e6 2. d4 Nf6 3. e5 Nd5 4. c3 c5 5. Bd3 a6 6. Nf3 b5 7. Nbd2 h6 8. Qc2 b4 9. Bg6 bxc3 10. bxc3 Qa5 11. Be4 Qb5 12. c4 Qb4 13. cxd5 cxd4 14. Qxc8+ Ke7 15. d6+ Qxd6 16. exd6+ Kf6 17.
Nc4 g5 18. Bb2 e5 19. Qd8+ Ke6 20. Bxd4 Nc6 21. Qxa8 Nxd4 22. Nxd4+ Kf6 23. Qd8+ Kg7 24. Nf5+ Kg6 25. Nxe5+ Kh5 26. g4# 1-0

[Event "Live Chess"]
[Site "Chess.com"]
[Date "2023.05.21"]
[Round "-"]
[White "flyingpuffins"]
[Black "Singapourfeuj"]
[Result "1-0"]
[WhiteElo "1964"]
[BlackElo "2203"]
[TimeControl "300"]
[EndTime "16:30:04 PDT"]
[Termination "flyingpuffins won by resignation"]

1. d4 e6 2. e4 d5 3. e5 c5 4. c3 Nc6 5. Nf3 Qb6 6. Bd3 Bd7 7.
dxc5 Bxc5 8. O-O Nh6 9. Nbd2 O-O-O 10. b4 Be7 11. a4 Ng4 12. a5 Qc7 13. a6 Ncxe5 14.
axb7+ Kb8 15. Nxe5 Nxe5 16. Nb3 Nxd3 17. Qxd3 Qxb7 18. Na5 Qb5 19. Qg3+ Ka8 20. Be3 d4 21. Bxd4 e5 22. Bxe5 Bc6 23. Nxc6 Qxc6 24. Bd4 Rd7 25. Qe3 a6 26. Ra5 Rxd4 27. Qxd4 Bf6 28. Qd3 Rd8 29. Qxa6+ Qxa6 30. Rxa6+ Kb7 31. Rxf6 gxf6 32. Rc1 Kb6 33. g3 Kb5 34. Kg2 Kc4 35. Kf3 h5 36. Kf4 Rd5 37. h4 Re5 38. g4 hxg4 39. Kxg4 Re2 40.
f4 Rg2+ 41. Kf5 Rh2 42. Kxf6 Rxh4 43. f5 Rf4 44. Rb1 Kxc3 45. b5 Rh4 46. b6 Rh8 47. b7 Rb8 48. Kxf7 Kd4 49. f6 Ke5 50. Ke7 Rxb7+ 51.
Rxb7 1-0

[Event "Live Chess"]
[Site "Chess.com"]
[Date "2023.05.21"]
[Round "-"]
[White "jimwad"]
[Black "mattihelenius2"]
[Result "1-0"]
[WhiteElo "1215"]
[BlackElo "489"]
[TimeControl "300"]
[EndTime "16:30:04 PDT"]
[Termination "jimwad won by resignation"]

1. d4 d5 2. c4 dxc4 3. e3 Nc6 4. Bxc4 Be6 5. Bxe6 fxe6 6. Nc3 Nf6 7. Nf3 g6 8. O-O Bh6 9. a3 O-O 10. b4 Qd6 11. Bb2 Ng4 12. g3 Nce5 13. dxe5 Qc6 14. Nd4 Qc4 15. Qxg4 Rad8 16. Qxe6+ Rf7 17. Qxc4 1-0

[Event "Live Chess"]
[Site "Chess.com"]
[Date "2023.05.21"]
[Round "-"]
[White "EdenHazard8"]
[Black "laminaaprod"]
[Result "0-1"]
[WhiteElo "2001"]
[BlackElo "2237"]
[TimeControl "300"]
[EndTime "16:30:09 PDT"]
[Termination "laminaaprod won by resignation"]

1. e4 e5 2. Nf3 Nc6 3. Bc4 Nf6 4. Ng5 d5 5. exd5 Na5 6. Bb5+ Bd7 7. Bxd7+ Qxd7 8. Nc3 Nxd5 9. O-O O-O-O 10. Nxd5 Qxd5 11. a3 f6 12. Nh3 g5 13. d3 h5 14. b4 Nc6 15. f3 Qd4+ 0-1

[Event "Live Chess"]
[Site "Chess.com"]
[Date "2023.05.21"]
[Round "-"]
[White "GEMdzq"]
[Black "elvenstar"]
[Result "1-0"]
[WhiteElo "2221"]
[BlackElo "1559"]
[TimeControl "300"]
[EndTime "16:30:17 PDT"]
[Termination "GEMdzq won by resignation"]

1. e4 d5 2. exd5 Nf6 3. Bb5+ Bd7 4. Be2 c6 5. dxc6 Bxc6 6. Nf3 Nbd7 7. O-O e6 8. d4 Bd6 9. c4 O-O 10. Nc3 a6 11. Re1 b6 12. Bg5 Qc7 13. Rc1 Qb7 14. Qd2 Bb4 15. a3 Bxc3 16. Rxc3 Rad8 17. Rb3 Nc5 18. Re3 Nce4 19. Qc1 Nxg5 20. Nxg5 Rxd4 21. Rg3 h6 22. Nf3 Rg4 23. Rd1 Rxg3 24. hxg3 Be4 25. Qe3 Rc8 26. Bf1 Nd7 27. Rxd7 Qxd7 28. Qxe4 Rc5 29. b4 Rf5 30. Nd4 Rg5 31. Bd3 g6 32. Nf3 f5 33. Qe3 Rg4 34. Ne5 1-0

[Event "Live Chess"]
[Site "Chess.com"]
[Date "2023.05.21"]
[Round "-"]
[White "educatedlad"]
[Black "fso"]
[Result "0-1"]
[WhiteElo "1617"]
[BlackElo "2237"]
[TimeControl "300"]
[EndTime "16:30:17 PDT"]
[Termination "fso won by checkmate"]

1. e4 e5 2. Nf3 Nc6 3. c3 Nf6 4. d4 exd4 5. e5 Ng4 6. cxd4 d6 7. h3 Ngxe5 8. dxe5 Nxe5 9. Nxe5 dxe5 10. Qxd8+ Kxd8 11. Nc3 c6 12. Be3 Kc7 13. O-O-O Be6 14. f3 f6 15. Bd3 b6 16. Bc2 Be7 17. Rd3 h5 18. Rhd1 g5 19. Bb3 Bf5 20. R3d2 g4 21. fxg4 hxg4 22. hxg4 Bxg4 23.
Re1 a5 24. Bd1 Be6 25. Bf3 a4 26. a3 b5 27. Nxb5+ cxb5 28. Bxa8 Rxa8 29. Rc2+ Kb7 30.
Rh1 Bf5 31. Rf2 Be4 32. Rd1 Kc6 33. g4 b4 34. axb4 a3 35. bxa3 Rxa3 36. Kb2 Rxe3 37. Rc1+ Kb5 38. Rd2 Bxb4 39. Rd8 Ba3+ 40. Ka2 Bxc1 41.
Rb8+ Ka6 42. Rc8 Ra3# 0-1

[Event "Live Chess"]
[Site "Chess.com"]
[Date "2023.05.21"]
[Round "-"]
[White "wadsy27"]
[Black "wot-not"]
[Result "1-0"]
[WhiteElo "2571"]
[BlackElo "1544"]
[TimeControl "300"]
[EndTime "16:30:18 PDT"]
[Termination "wadsy27 won by resignation"]

1. d4 Nf6 2. c4 c5 3. d5 d6 4. Nc3 e5 5. e4 Be7 6. Nf3 Nbd7 7. h4 Nf8 8. h5 Bg4 9. h6 gxh6 10. Bxh6 Ng6 11.
Be2 Bxf3 12. Bxf3 Bf8 13. Bg5 Be7 14. Qd2 a6 15. O-O-O Rb8 16. Be2 Qa5 17. Kb1 Kd7 18. f3 Qd8 19. Be3 h5 20. g3 h4 21. gxh4 Rxh4 22.
Rxh4 Nxh4 23. Bf1 Ng6 24. Bh3+ Kc7 25. a3 Nh5 26. Bg4 Nhf4 27. b4 cxb4 28. axb4 Ra8 29. Na4 b5 30. Bb6+ Kb7 31. Bxd8 Bxd8 32. cxb5 axb5 33.
Nc3 Bb6 34. Nxb5 Bd4 35. Nxd4 exd4 36. Qxd4 Ne5 37. Rc1 Ne2 38. Qd2 Nxc1 39. Qxc1 Rc8 40. Qxc8+ 1-0

[Event "Live Chess"]
[Site "Chess.com"]
[Date "2023.05.21"]
[Round "-"]
[White "xx_blindpuffin_xx"]
[Black "gmnorfolk"]
[Result "0-1"]
[WhiteElo "2199"]
[BlackElo "2124"]
[TimeControl "300"]
[EndTime "16:30:20 PDT"]
[Termination "gmnorfolk won by resignation"]

1. d4 Nf6 2. Bf4 d5 3. e3 e6 4. Nf3 Bd6 5. Bg3 O-O 6. Bd3 c5 7. c3 b6 8. Qe2 Bb7 9. Nbd2 Qc7 10. Ne5 Nbd7 11. f4 Ne4 12. Nxe4 dxe4 13. Bc2 f6 14.
Ng4 cxd4 15. exd4 f5 16. Ne5 Nxe5 17. fxe5 Be7 18. h4 f4 19. Bf2 e3 20. Bg1 Qc6 21.
Qh5 h6 22. Qg6 Qxg2 23. Qh7+ Kf7 24. O-O-O Rh8 25. Qd3 Qxh1 26. Bxe3 Qxd1+ 27. Kxd1 fxe3 28. Qg6+ Kf8 29. Qxe6 Bf3+ 30. Kc1 e2 31. Qf5+ Ke8 32.
Bb3 e1=Q+ 0-1

[Event "Live Chess"]
[Site "Chess.com"]
[Date "2023.05.21"]
[Round "-"]
[White "Brooms1989"]
[Black "JoeyCage"]
[Result "0-1"]
[WhiteElo "1090"]
[BlackElo "2296"]
[TimeControl "300"]
[EndTime "16:30:42 PDT"]
[Termination "JoeyCage won by checkmate"]

1. e4 c5 2. Nc3 e5 3. f4 exf4 4. Nf3 Nc6 5. Bb5 a6 6. Bxc6 dxc6 7. O-O Nf6 8. d3 Nh5 9. Ne1 g6 10. Bxf4 Nxf4 11. Rxf4 Bg7 12. Qf3 O-O 13. Qg3 Be5 14.
Qf3 Qd4+ 15. Kh1 Bxf4 16. Qxf4 f5 17. Nf3 fxe4 18. Qxf8+ Kxf8 19. Nxd4 cxd4 20. Ne2 exd3 21. cxd3 c5 22. Rc1 b6 23. b4 cxb4 24. Nxd4 a5 25. Ne6+ Bxe6 26. Rc6 Bxa2 27. Rxb6 b3 28. Kg1 Rc8 29. Kf2 Rc2+ 30. Ke3 b2 31. Kd4 b1=Q 32. Rxb1 Bxb1 33. Ke3 Rxg2 34. d4 Rxh2 35. d5 Ke7 36. Kd4 Kd6 37. Kc4 Rh4+ 38. Kb5 Kxd5 39. Kxa5 Kc6 40.
Ka6 Ra4# 0-1

[Event "Live Chess"]
[Site "Chess.com"]
[Date "2023.05.21"]
[Round "-"]
[White "KGreenGator"]
[Black "AbilifyXL"]
[Result "1-0"]
[WhiteElo "1768"]
[BlackElo "1957"]
[TimeControl "300"]
[EndTime "16:31:08 PDT"]
[Termination "KGreenGator won by resignation"]

1. c3 c6 2. d4 d5 3. Nf3 Nf6 4.
Bf4 Bf5 5. h3 e6 6. Nbd2 Bd6 7.
Ne5 Qc7 8. Ndf3 Nbd7 9. e3 O-O 10. Bd3 Bxd3 11. Qxd3 Ne4 12. O-O h6 13. Nd2 Ndf6 14. f3 Nxd2 15. Qxd2 Nd7 16. Nxd7 Qxd7 17. Bxd6 Qxd6 18. e4 e5 19. dxe5 Qxe5 20. exd5 cxd5 21. Rfe1 Qd6 22. Rad1 Rad8 23. c4 d4 24. Re4 d3 25.
Re3 Qc5 26. b3 Rfe8 27. Kf2 f5 28. g3 g5 29. f4 gxf4 30. gxf4 Qd4 31. Kf3 Re4 32.
Rxd3 1-0

[Event "Live Chess"]
[Site "Chess.com"]
[Date "2023.05.21"]
[Round "-"]
[White "HD_IN4k"]
[Black "mikkyb4"]
[Result "0-1"]
[WhiteElo "394"]
[BlackElo "1017"]
[TimeControl "300"]
[EndTime "16:31:12 PDT"]
[Termination "mikkyb4 won by checkmate"]

1. d4 g6 2. c4 Bg7 3. Nf3 d6 4. Nc3 Nc6 5. Qa4 Nf6 6. d5 Bd7 7. dxc6 Bxc6 8. Qd1 Ne4 9. Nxe4 Bxe4 10. Ng5 Bc6 11.
e4 O-O 12. h4 h6 13. h5 hxg5 14. hxg6 fxg6 15. c5 Bxe4 16. Bc4+ d5 17. Bb3 c6 18. f3 Bf5 19. g4 Be6 20. Qe2 Qd7 21. Qh2 Kf7 22. O-O Rh8 23. Qg2 Bd4+ 24. Rf2 Rh4 25.
Bxg5 Bxf2+ 26. Qxf2 Rh7 27. f4 Rah8 28. f5 gxf5 29.
gxf5 Rh1+ 30. Kg2 R1h2+ 31. Kf1 Rxf2+ 32. Kxf2 Bxf5 33. Rf1 Rh2+ 34. Ke1 Qe6+ 35. Kd1 Qe2+ 36. Kc1 Qxf1+ 37. Bd1 Qc4+ 38. Bc2 Qxc2# 0-1

[Event "Live Chess"]
[Site "Chess.com"]
[Date "2023.05.21"]
[Round "-"]
[White "Conradical12"]
[Black "CheckThis4"]
[Result "0-1"]
[WhiteElo "1602"]
[BlackElo "2541"]
[TimeControl "300"]
[EndTime "16:31:18 PDT"]
[Termination "CheckThis4 won by resignation"]

1. e4 Nc6 2. Nf3 e5 3. Bb5 Nf6 4. O-O d6 5. d4 exd4 6. Nxd4 Bd7 7. Nc3 Be7 8. Nxc6 bxc6 9. Bd3 O-O 10. Be3 c5 11.
Qf3 Rb8 12. Rab1 Bc6 13. Nd5 Bxd5 14. exd5 Nd7 15. Rfe1 Ne5 16. Qe4 f5 17. Qa4 f4 18.
Bxf4 Rb4 19. Qxb4 cxb4 20. Bxe5 dxe5 21. Rxe5 Bd6 22. Rh5 g6 23. Rh3 Qf6 24. Rf3 Qe5 25. Rxf8+ Kxf8 26. g3 Qxd5 27. Re1 Qxa2 28. Bb5 Qxb2 29.
Re8+ Kg7 0-1

[Event "Live Chess"]
[Site "Chess.com"]
[Date "2023.05.21"]
[Round "-"]
[White "Shepherds_Pie"]
[Black "Tushinskiy"]
[Result "0-1"]
[WhiteElo "1922"]
[BlackElo "2174"]
[TimeControl "300"]
[EndTime "16:31:28 PDT"]
[Termination "Tushinskiy won by resignation"]

1. c4 e5 2. Nc3 Bc5 3. e3 Bb6 4. Nf3 d6 5. Qc2 Ne7 6. Be2 Nbc6 7. a3 Bf5 8. d3 Bg6 9. O-O O-O 10.
b4 a6 11. Bb2 f5 12. Nd2 Qd7 13. Rac1 Rac8 14. Nd5 Nxd5 15. cxd5 Ne7 16. Qb3 f4 17. exf4 Rxf4 18. Nf3 Rcf8 19. Rc4 R4f7 20. Bc1 h6 21. Be3 Bxe3 22. fxe3 Nxd5 23. Nh4 Rxf1+ 24. Bxf1 Qf7 25.
Rc1 Nxe3 26. Qxf7+ Bxf7 27. Be2 Bd5 28. Rxc7 Bc6 29. Nf3 Kh7 30. d4 e4 31. Nd2 d5 32.
Re7 Nf5 33. Re5 Nxd4 34. Bg4 Kg6 35. h4 Kf6 36. Rh5 g6 37. Rxh6 Kg7 0-1

[Event "Live Chess"]
[Site "Chess.com"]
[Date "2023.05.21"]
[Round "-"]
[White "Hussamalhaidar"]
[Black "Doge_Dandolo"]
[Result "0-1"]
[WhiteElo "1039"]
[BlackElo "2011"]
[TimeControl "300"]
[EndTime "16:31:39 PDT"]
[Termination "Doge_Dandolo won by checkmate"]

1. b3 Nf6 2. Bb2 e6 3. e3 Be7 4.
d4 c5 5. dxc5 Bxc5 6. Bd3 Nc6 7.
Nf3 a6 8. Nbd2 b5 9. O-O Bb7 10.
Ne5 Qc7 11. f4 d6 12. Nxc6 Bxe3+ 13. Kh1 Qxc6 14. Nf3 Ng4 15. Qe2 Bb6 16. Rae1 h5 17. Be4 Qc7 18. Bxb7 Qxb7 19. h3 Qe7 20. Ng5 Nf6 21.
f5 e5 22. c4 bxc4 23. Qxc4 O-O 24. h4 Ng4 25. Nf3 Rfd8 26. Nd4 Qxh4+ 27. Kg1 Qh2# 0-1